 Dungeon Crawl Stone Soup version 0.30.1 (webtiles) character file.

Game seed: 1304253161098372505

56 cheesebisquit the Ducker (level 3, -3/28 HPs)
             Began as a Merfolk Gladiator on July 2, 2023.
             Killed by divine providence
             ... invoked by an orc priest
              (15 damage)
             ... on level 3 of the Dungeon.
             The game lasted 00:04:02 (1794 turns).

cheesebisquit the Ducker (Merfolk Gladiator)        Turns: 1794, Time: 00:04:03

Health: -3/28      AC:  5    Str: 14    XL:     3   Next: 97%
Magic:  3/3        EV: 14    Int:  9    God:
Gold:   101        SH:  0    Dex: 21    Spells: 2/2 levels left

rFire   . . .        a - +0 rapier
rCold   . . .        (no shield)
rNeg    . . .        b - +0 leather armour
rPois   .            c - +0 helmet
rElec   .            j - +0 cloak
rCorr   .            (no gloves)
SInv    .            (no boots)
Will    .....        (no amulet)
Stlth   ++           x - +6 ring of dexterity
HPRegen 0.24/turn    (no ring)
MPRegen 0.08/turn

%: no passive effects
@: no status effects
A: (nimble swimmer 2), mertail
a: no special abilities


You were on level 3 of the Dungeon.
You visited 1 branch of the dungeon, and saw 3 of its levels.

You collected 101 gold pieces.

Inventory:

Hand Weapons
 a - a +0 rapier (weapon)
Missiles
 d - 3 throwing nets (quivered)
 e - 7 javelins
 m - 2 poisoned darts
Armour
 b - a +0 leather armour (worn)
 c - a +0 helmet (worn)
 j - a +0 cloak (worn)
Jewellery
 x - a +6 ring of dexterity (left hand)
Wands
 v - a wand of light (6)
Scrolls
 g - a scroll of noise {unknown}
 h - 2 scrolls of identify {unknown}
 n - a scroll of torment {unknown}
 p - a scroll of summoning {unknown}
 q - a scroll of brand weapon {unknown}
 r - a scroll of teleportation {unknown}
 s - a scroll of fog {unknown}
 t - a scroll of enchant weapon {unknown}
Potions
 f - a potion of heal wounds {unknown}
 i - a potion of invisibility {unknown}
 k - a potion of haste {unknown}
 l - a potion of degeneration {unknown}
 o - 2 potions of curing {unknown}
 u - a potion of mutation {unknown}
 w - a potion of attraction {unknown}
 z - a potion of berserk rage {unknown}


   Skills:
 + Level 2.8 Fighting
 * Level 4.5 Short Blades
 - Level 2.0 Throwing
 + Level 4.5 Dodging
 + Level 1.5 Stealth


You had 2 spell levels left.
You didn't know any spells.
Your spell library contained the following spells:

 Spells                   Type           Power      Damage    Failure   Level
 Foxfire                  Conj/Fire      0%         2x1d4     45%         1
 Magic Dart               Conj           0%         1d3       45%         1
 Call Imp                 Summ           0%         N/A       61%         2
 Mephitic Cloud           Conj/Pois/Air  0%         N/A       83%         3
 Fireball                 Conj/Fire      0%         3d3       100%        5
 Plasma Beam              Fire/Air       0%         2x1d11    100%        6
 Starburst                Conj/Fire      0%         6d3       100%        6


Dungeon Overview and Level Annotations

Branches:
Dungeon (3/15)

Altars:
Xom

Annotations:
D:3 exclusion: phantom


Innate Abilities, Weirdness & Mutations

((You are very nimble when in or above water. (Stealth+, EV+, Speed+++)))
Your lower body shifts to a powerful aquatic tail in water.


Message History

You puncture the orc!
You kill the orc!
HP restored.
Items here: ))) †††.
Things that are here:
a +0 whip; a +0 club; a +0 leather armour
Items here: ))) †††.
Found an escape hatch in the ceiling.
An endoplasm comes into view.
Found a dagger.
The helpless endoplasm fails to defend itself.
You impale the endoplasm!!
You kill the endoplasm!
An orc comes into view. It is wielding a +0 mace.
An orc comes into view. It is wielding a +0 club.
The orc moves out of view.
Found a stone staircase leading down.
An orc priest comes into view.
It is wielding a +0 hand axe. 2 orcs come into view.
You barely miss the orc.
The orc shouts!
The orc priest shouts!
The orc shouts!
The orc hits you with a +0 mace.
The orc shouts!
You hit the orc but do no damage. The orc barely misses you.
You hit the orc priest.
The orc priest is moderately wounded.
The orc barely misses you. The orc priest closely misses you.
A rat comes into view.
You puncture the orc priest!
The orc priest is almost dead.
The orc hits you with a +0 mace.
The orc priest invokes the aid of Beogh against you.
Pain shoots through your body!
Ouch! That really hurt!
You barely miss the orc priest.
The orc priest is almost dead.
The orc priest calls down the wrath of Beogh upon you.
Beogh smites you!
Ouch! That really hurt!
You die...

.##
#.#.#.#.#.#.#.#.#.#
..#
#..#.#.#.#.#.#.#.#
###
#.#.#.#.#.#.#.#.#
..#
#....#.#.#.#.#.#..
.###
#####.#.#.#.#.#.#
.#.# #.#.#.#.#.#.#
.#.# ##.#.#.#.#.#
.#'###
#.#.#.#.#.#.#
.....#
##.#.#.#@#.#.#
.....#
#.#.#.#o#o#.#.#
.....# ##.#.#oo
#.#.#)#
.....####.#.#...
#.#.#.#
........##.#.#..
#.#.#.#
........#.#.#'..
#.#.#.
........<#.#.#..
#.>.
.##.....#.#.#... #.
. #.....##.#


You could see an orc priest and 3 orcs.

Vanquished Creatures
  An adder (D:3)
  A worm (D:3)
  5 orcs (D:3)
  4 bats
  5 endoplasms
  A giant cockroach (D:2)
  3 goblins (D:1)
  4 hobgoblins
  A quokka (D:2)
  4 ball pythons
  A frilled lizard (D:2)
  A kobold (D:1)
  5 rats
36 creatures vanquished.

Notes
Turn   | Place    | Note
-------+----------+-------------------------------------------
     0 | D:1      | cheesebisquit the Merfolk Gladiator began the quest for the
                  | Orb.
     0 | D:1      | Reached XP level 1. HP: 16/16 MP: 1/1
   111 | D:1      | Reached XP level 2. HP: 14/23 MP: 2/2
   317 | D:1      | You fall into a shaft and drop 1 floor!
   351 | D:2      | Reached skill level 1 in Stealth
   852 | D:1      | Reached XP level 3. HP: 28/28 MP: 3/3
   947 | D:1      | Found a faded altar of an unknown god.
  1219 | D:2      | Found a shimmering altar of Xom.
  1700 | D:3      | Noticed a phantom
  1794 | D:3      | Killed from afar by an orc priest

Illustrated notes

Levels and vault maps discovered:
D:1:      psy_arrival_radial02, layout_loops_ring,
          shapermc_ecumenical_altar_notcrosses
D:2:      layout_loops_ring, basic_altar, grunt_decor_resistance
D:3:      layout_basic, minmay_misc_feat_alley

Skill      XL: |  1  2 |
---------------+-------+-----
Short Blades   | 4 |  4.5
Stealth        | 1 |  1.5
Fighting       | |  2.8
Throwing       | |  2.0
Dodging        | |  4.5

Action                     || total
---------------------------++-------
  Melee: Rapier            ||   102
   Stab: Sleeping          ||     7
         Distracted        ||     1
 Armour: Leather armour    ||    22
  Dodge: Dodged            ||    72
